 Dungeon Crawl Stone Soup version 0.29-a0-676-ga64570c9d2 (webtiles) character file.

Game seed: 584077413884789404

128 IdlyInterested the Chopper (level 4, -2/33 HPs)
             Began as a Demonspawn Gladiator on June 24, 2022.
             Slain by a gnoll
             ... wielding a +0 spear
             ... led by a gnoll sergeant
              (3 damage)
             ... on level 5 of the Dungeon.
             The game lasted 00:07:03 (2840 turns).

IdlyInterested the Chopper (Demonspawn Gladiator)   Turns: 2840, Time: 00:07:03

Health: -2/33      AC:  7    Str: 15 (17) XL:     4   Next: 87%
Magic:  4/4        EV: 11    Int:  8 (9)  God:
Gold:   575        SH:  0    Dex: 13 (14) Spells: 3/3 levels left

rFire   . . .      SeeInvis .   a - +0 war axe (flame)
rCold   . . .      Faith    .   (no shield)
rNeg    . . .      Spirit   .   j - +0 ring mail
rPois   .          Reflect  .   l - +0 helmet
rElec   .          Harm     .   (no cloak)
rCorr   .          Rampage  .   (gloves unavailable)
Will    .....                   b - +0 pair of boots
Stlth   +.........              (no amulet)
HPRegen 0.11/turn               (no ring)
MPRegen 0.09/turn               (no ring)

@: no status effects
A: demonic touch 3
a: no special abilities


You were on level 5 of the Dungeon.
You visited 1 branch of the dungeon, and saw 4 of its levels.

You collected 575 gold pieces.

Inventory:

Hand Weapons
 a - a +0 war axe of flaming (weapon)
Missiles
 d - 3 throwing nets
 e - 7 javelins
 f - 2 boomerangs (quivered)
Armour
 b - a +0 pair of boots (worn)
 j - a +0 ring mail (worn)
 l - a +0 helmet (worn)
Scrolls
 g - 2 scrolls of identify
Potions
 c - a potion of haste
 h - a potion of cancellation {unknown}
 m - a potion of curing
 o - a potion of might
 q - a potion of attraction


   Skills:
 - Level 2.0 Fighting
 * Level 3.8 Axes
 - Level 2.0 Throwing
 + Level 1.4 Armour
 - Level 3.0 Dodging
 - Level 1.0 Stealth
 * Level 1.1 Unarmed Combat
 - Level 1.0 Invocations
 - Level 1.0 Evocations


You had 3 spell levels left.
You didn't know any spells.
Your spell library was empty.

Dungeon Overview and Level Annotations

Branches:
Dungeon (5/15)             Temple (0/1) D:5

Altars:
Wu Jian


Innate Abilities, Weirdness & Mutations

Your touch may irresistibly damage your foes and sap their willpower.


Message History

A bat comes into view.
The bat barely misses you.
You slash the bat! You burn the bat.
You kill the bat!
h - a metallic amethyst potion You open the door.
A kobold and an orc priest come into view.
The orc priest shouts!
You hear a shout!
An orc comes into view. It is wielding a +0 club.
The kobold moves out of view.
An orc and an orc wizard come into view.
The orc is wielding a +2 dagger of venom.
The orc wizard shouts!
An orc comes into view. It is wielding a +0 club.
There is an open door here.
The orc shouts!
Found an ornate altar of the Wu Jian Council.
A sourceless malevolence fills the Dungeon...
You fall into a shaft and drop 2 floors!
The shaft crumbles and collapses.
You hear the sound of rushing water.
There is an entrance to a sewer on this level.
Hurry and find it before the portal rusts away!
Found a scroll of identify.
Found an escape hatch in the ceiling.
As you read the scroll of magic mapping, it crumbles to dust.
You feel aware of your surroundings.
You sensed 1 shop/portal.
You open the door. 5 orcs, a hound, a gnoll sergeant and 3 gnolls come into view.
The gnoll sergeant is wielding a +2 trident of freezing.
The orc warrior shouts!
The orc shouts!
The orc priest shouts!
The orc shouts!
The orc priest shouts!
The hound barks!
The gnoll sergeant shouts!
The gnoll shouts! x3; You hear a shout!
The orc priest mumbles some strange prayers to Beogh against you.
Beogh smites you!
A gnoll comes into view. It is wielding a +0 club.
The gnoll sergeant hits you from afar with a +2 trident of freezing!
* * * LOW HITPOINT WARNING * * *
The gnoll sergeant freezes you!
* * * LOW HITPOINT WARNING * * *
The gnoll hits you with a +0 spear.
You die...

*######
*******##########.go..#***
,,,,,,,#........#gho..+,,*
,,>,,,,#........@gg...#,,*
*,*#.,*#<.####..#goo..#********
*,##..##..####..##+##o..,,*,,,***
*,....?.............#,,.,,*,,,,,*
,,..................#,,,,,+,,,,,*
,,############..###+#,,,,,*,,,,**
**,,*********#..#,,,,,*****,,,,**
*,,,,*,,,,,,,#..#,,,,,*,,,*,,,,,,
*,,,,*,,,,,,,+..#,,,,,*,,,*,,,,,,


You could see an orc warrior, a gnoll sergeant, a hound, 2 orc priests, 4 gnolls
and 2 orcs.

Vanquished Creatures
  An orc priest (D:2)
  An orc wizard (D:2)
  An adder (D:2)
  2 dart slugs
  2 orcs (D:2)
  7 bats
  6 endoplasms
  6 giant cockroaches
  6 goblins
  5 hobgoblins
  2 quokkas (D:1)
  6 ball pythons
  A frilled lizard (D:2)
  4 kobolds
  2 rats (D:1)
52 creatures vanquished.

Notes
Turn   | Place    | Note
-------+----------+-------------------------------------------
     0 | D:1      | IdlyInterested the Demonspawn Gladiator began the quest for
                  | the Orb.
     0 | D:1      | Reached XP level 1. HP: 16/16 MP: 1/1
   202 | D:1      | Reached skill level 1 in Invocations
   332 | D:1      | Gained mutation: Your touch may inflict minor irresistible
                  | damage on your foes. [demonic ancestry]
   332 | D:1      | Reached XP level 2. HP: 20/22 MP: 2/2
   647 | D:1      | Found a faded altar of an unknown god.
   878 | D:1      | Reached skill level 1 in Stealth
   878 | D:1      | Gained mutation: Your touch may inflict irresistible damage
                  | on your foes. [demonic ancestry]
   878 | D:1      | Reached XP level 3. HP: 16/27 MP: 3/3
  1357 | D:1      | Reached skill level 1 in Evocations
  1592 | D:1      | Identified a scroll of acquirement
  1592 | D:1      | Acquired 434 gold pieces
  1754 | D:2      | Reached skill level 1 in Armour
  1754 | D:2      | Gained mutation: Your touch may irresistibly damage your
                  | foes and sap their willpower. [demonic ancestry]
  1754 | D:2      | Reached XP level 4. HP: 17/33 MP: 4/4
  2073 | D:2      | Reached skill level 1 in Unarmed Combat
  2830 | D:3      | Found an ornate altar of the Wu Jian Council.
  2830 | D:3      | You fall into a shaft and drop 2 floors!
  2830 | D:5      | Entered Level 5 of the Dungeon
  2839 | D:5      | Noticed an orc warrior
  2839 | D:5      | Noticed a gnoll sergeant
  2839 | D:5      | HP: 1/33 [gnoll sergeant/+2 trident of freezing (7)]
  2840 | D:5      | Slain by a gnoll

Illustrated notes

Levels and vault maps discovered:
D:1:      nicolae_arrival_somewhat_less_tricky_arrival, layout_basic,
          ebering_ecumenical_altar_webs, serial_bayou_lagoon_a,
          grunt_decor_one_mirror
D:2:      layout_basic, nicolae_concentric_dashed_squares_mild
D:3:      layout_basic, mainiacjoe_overflow_chevrons, overflow_temple_1_default
D:5:      layout_gridville, minmay_temple_entry_grid, gup_sewer_entry_pipe,
          uniq_crazy_yiuf_cottage, uniq_grinder

Skill      XL: |  1  2  3  4 |
---------------+-------------+-----
Invocations    | 1 |  1.0
Throwing       | 2 |  2.0
Axes           | 3 |  3.8
Stealth        | 1 |  1.0
Evocations     | 1 |  1.0
Armour         | 1 |  1.4
Dodging        | 3 |  3.0
Unarmed Combat | 1 |  1.1
Fighting       | |  2.0

Action                   |  1- 3 |  4- 6 || total
-------------------------+-------+-------++-------
Melee: War axe           |    75 |    33 ||   108
       Touch             |     8 |     5 ||    13
       Punch             |     2 |       ||     2
Throw: Boomerang         |     1 |       ||     1
  Use: Scroll            |     5 |     5 ||    10
       Potion            |     1 |     1 ||     2
Armor: Leather armour    |    26 |       ||    26
       Ring mail         |       |    13 ||    13
Dodge: Dodged            |    54 |    29 ||    83

Table legend: (Time is in decaauts)
 A = Elapsed time spent in this place.
 B = Non-inter-level travel time spent in this place.
 C = Inter-level travel time spent in this place.
 D = Time resting spent in this place.
 E = Time spent auto-exploring this place.
 F = Levels seen in this place.
 G = Mean time per level.
                   A        B        C        D        E       F      G
               +--------+--------+--------+--------+--------+-----+--------+
         Total |   2867 |   2827 |     40 |    413 |   1822 |   4 |  716.8 |
       Dungeon |   2867 |   2827 |     40 |    413 |   1822 |   4 |  716.8 |
               +--------+--------+--------+--------+--------+-----+--------+

Top non-repeatable levels by time:
     D:1: 1666 daAuts
     D:2: 1073 daAuts
     D:3: 118 daAuts
     D:5: 9 daAuts
